 Dungeon Crawl Stone Soup version 0.27-a0-1529-g1e82c303ef (webtiles) character file.

Game seed: 12800337312575574871

53 hatdisgam the Vandal (level 3, -1/19 HPs)
             Began as a Vine Stalker Hunter on July 11, 2021.
             Slain by a hobgoblin (2 damage)
             ... on level 2 of the Dungeon.
             The game lasted 00:02:42 (1580 turns).

hatdisgam the Vandal (Vine Stalker Hunter)          Turns: 1580, Time: 00:02:42

Health: -1/19      AC:  3    Str: 15    XL:     3   Next: 89%
Magic:  0/4        EV: 11    Int: 11    God:
Gold:   13         SH:  0    Dex: 14    Spells: 2/2 levels left

rFire    . . .     SeeInvis .   b - +0 hand axe
rCold    . . .     Faith    .   (no shield)
rNeg     . . .     Spirit   +   c - +0 leather armour
rPois    .         Reflect  .   (no helmet)
rElec    .         Harm     .   f - scarf {+Inv}
rCorr    .         Rampage  .   (no gloves)
Will     .....                  (no boots)
Stlth    +.........             (no amulet)
HPRegen  0.06/turn              (no ring)
MPRegen  0.09/turn              (no ring)

@: no status effects
A: fangs 2, magic shield, antimagic bite, no potion heal 2
a: Evoke Invisibility


You were on level 2 of the Dungeon.
You visited 1 branch of the dungeon, and saw 2 of its levels.

You collected 13 gold pieces.

Inventory:

Hand Weapons
 a - a +1 hunting sling
 b - a +0 hand axe (weapon)
 i - a +0 short sword
 m - a +0 mace
Missiles
 d - 36 sling bullets
 l - 3 stones (quivered)
Armour
 c - a +0 leather armour (worn)
 f - a scarf of invisibility (worn)
Jewellery
 j - a ring of ice
Scrolls
 g - a scroll of identify {unknown}
 h - a scroll of amnesia {unknown}
 k - a scroll of magic mapping {unknown}
Potions
 e - 2 potions of degeneration {unknown}


   Skills:
 + Level 2.5 Fighting
 * Level 0.6 Axes
 + Level 4.4 Slings
 - Level 1.5 Dodging
 - Level 1.2 Stealth


You had 2 spell levels left.
You didn't know any spells.
Your spell library was empty.

Dungeon Overview and Level Annotations

Branches:
Dungeon (2/15)

Altars:


Innate Abilities, Weirdness & Mutations

You have extremely sharp teeth.
When hurt, damage is shared between your health and your magic reserves.
Your bite disrupts and absorbs the magic of your enemies.
Potions cannot restore your health.


Message History

You hit the orc priest but do no damage.
You bite the orc priest, but do no damage.
You hit the hobgoblin but do no damage. You hit the jackal.
The jackal bites you but does no damage.
The orc priest completely misses you.
The hobgoblin hits you but does no damage.
The jackal bites you.
The orc priest mumbles some strange prayers to Beogh against you.
Beogh smites you!
Ouch! That really hurt!
* * * LOW HITPOINT WARNING * * *
You are too injured to fight recklessly!
Unknown command.
You are too injured to fight recklessly!
The jackal bites you but does no damage. x2
The orc priest hits you but does no damage.
You hit the jackal. Your bite misses the jackal.
The jackal is heavily wounded.
The jackal bites you.
* * * LOW HITPOINT WARNING * * *
You hit the jackal. Your bite misses the jackal.
The jackal is almost dead.
The jackal bites you but does no damage.
The jackal closely misses you.
You barely miss the jackal.
The jackal is almost dead.
You hit the hobgoblin. The jackal completely misses you.
The hobgoblin hits you.
* * * LOW HITPOINT WARNING * * *
You barely miss the jackal.
The jackal is almost dead.
You hit the hobgoblin but do no damage. The jackal barely misses you.
The jackal bites you but does no damage.
The hobgoblin closely misses you.
Unknown command.
You hit the jackal but do no damage.
The jackal is almost dead.
You hit the hobgoblin but do no damage. The jackal closely misses you.
The hobgoblin hits you.
You die...

...... #.. ..... ###..####
.... .###.(..#... ...##
........##.##....
(.......#..[#..#
.(......##h##..#.
..........hh@.# .#### ####
...........##g### ...# #.((
..#..........(.# #.#####.#
...#...(...##.#.####....#..##
.......(...(.†.............[)
....##..##.#..##..........###
... ##.#....###..........# ..
#.#^.### #............# .
#.(..# #.........>...


You could see 3 jackals and a hobgoblin.

Vanquished Creatures
  2 adders (D:2)
  3 dart slugs (D:1)
  2 endoplasms
  A giant cockroach (D:2)
  2 goblins (D:1)
  6 hobgoblins
  3 jackals (D:1)
  3 quokkas
  A bat (D:1)
  2 frilled lizards (D:1)
  A kobold (D:2)
26 creatures vanquished.

Notes
Turn   | Place    | Note
-------+----------+-------------------------------------------
     0 | D:1      | hatdisgam the Vine Stalker Hunter began the quest for the
                  | Orb.
     0 | D:1      | Reached XP level 1. HP: 11/11 MP: 2/2
    14 | D:1      | Found a faded altar of an unknown god.
   158 | D:1      | Reached XP level 2. HP: 15/15 MP: 3/3
   189 | D:1      | Reached skill level 4 in Slings
   775 | D:1      | Reached XP level 3. HP: 3/18 MP: 2/4
  1580 | D:2      | Slain by a hobgoblin

Illustrated notes

Levels and vault maps discovered:
D:1:      nzn_arrival_crosshair, layout_loops_cross,
          ebering_ecumenical_altar_abandoned
D:2:      layout_rooms, basic_altar, minmay_split_cup_small

Skill      XL: |  1  2 |
---------------+-------+-----
Fighting       | 2 |  2.5
Slings         | 4 |  4.4
Axes           | |  0.6
Dodging        | |  1.5
Stealth        | |  1.2

Action                   || total
-------------------------++-------
Melee: Mace              ||    29
       Bite              ||    10
       Hand axe          ||    11
 Fire: Hunting sling     ||    65
 Stab: Sleeping          ||     1
Armor: Leather armour    ||    20
Dodge: Dodged            ||    43

Table legend: (Time is in decaauts)
 A = Elapsed time spent in this place.
 B = Non-inter-level travel time spent in this place.
 C = Inter-level travel time spent in this place.
 D = Time resting spent in this place.
 E = Time spent auto-exploring this place.
 F = Levels seen in this place.
 G = Mean time per level.
                   A        B        C        D        E       F      G
               +--------+--------+--------+--------+--------+-----+--------+
         Total |   1590 |   1563 |     27 |      0 |   1344 |   2 |  795.0 |
       Dungeon |   1590 |   1563 |     27 |      0 |   1344 |   2 |  795.0 |
               +--------+--------+--------+--------+--------+-----+--------+

Top non-repeatable levels by time:
     D:1: 1066 daAuts
     D:2: 523 daAuts
